 Dungeon Crawl Stone Soup version 0.27-a0-1242-ge70438ac7b (webtiles) character file.

Game seed: 2698404685814839223

46418 Kinoniko the Nimble (level 14, -7/110 HPs)
             Began as a Gnoll Gladiator on June 9, 2021.
             Was a High Priest of Okawaru.
             Mangled by an orc warrior
             ... wielding a +0 halberd
              (19 damage)
             ... in a bailey.
             The game lasted 00:39:46 (24680 turns).

Kinoniko the Nimble (Gnoll Gladiator)              Turns: 24680, Time: 00:39:46

Health: -7/110     AC: 26    Str: 17    XL:     14   Next: 37%
Magic:  23/27      EV: 18    Int:  9    God:    Okawaru [*****.]
Gold:   1104       SH: 26    Dex: 14    Spells: 31/31 levels left

rFire    . . .     SeeInvis .   M - +3 scimitar (flame)
rCold    . . .     Faith    .   F - +2 tower shield
rNeg     . . .     Spirit   .   X - +5 scale mail of the Will of the Gods {rElec}
rPois    .         Reflect  +   P - +1 helmet
rElec    +         Harm     .   (no cloak)
rCorr    .         Rampage  .   q - +2 pair of gloves
Will     +....                  b - +0 pair of boots
Stlth    ++++......             E - amulet of reflection
HPRegen  0.28/turn              v - +4 ring of evasion
MPRegen  0.20/turn              H - +4 ring of protection

@: heroic, on berserk cooldown, hasted and slowed
A: fangs 1, strong nose, distributed training
a: Renounce Religion, Heroism, Finesse


You were in a bailey.
You worshipped Okawaru.
Okawaru was extremely pleased with you.
You visited 3 branches of the dungeon, and saw 19 of its levels.
You also visited: Bailey.

You collected 1311 gold pieces.
You spent 207 gold pieces at shops.

Inventory:

Hand Weapons
 n - the +8 great mace of Grace {flame, *Slow rCorr Str+4 Dex+2}
   (Okawaru gifted it to you on level 3 of the Lair of Beasts)

   It has been specially enchanted to burn those struck by it, causing extra
   injury to most foes and up to half again as much damage against particularly
   susceptible opponents.
   It affects your strength (+4).
   It affects your dexterity (+2).
   It protects you from acid and corrosion.
   It may slow you when you take damage.
 M - a +3 scimitar of flaming (weapon)
 T - the +8 hunting sling of the Twisting Jester {freeze, rC++ Int-2 Dex+7}
   (You found it on level 3 of the Lair of Beasts)

   It causes projectiles fired from it to freeze those they strike, causing
   extra injury to most foes and up to half again as much damage against
   particularly susceptible opponents.
   They can also slow down cold-blooded creatures.
   It affects your intelligence (-2).
   It affects your dexterity (+7).
   It greatly protects you from cold.
 Z - a +1 vampiric great sword
Missiles
 d - 5 throwing nets (quivered)
 p - 6 boomerangs of dispersal
 L - 15 silver javelins
 N - 3 atropa-tipped darts
 U - 140 sling bullets
Armour
 b - a +0 pair of boots (worn)
 j - a +0 buckler
 q - a +2 pair of gloves (worn)
 F - a +2 tower shield (worn)
 G - the +1 scale mail "Xijac" {Str+4}
   (You bought it in a shop on level 7 of the Dungeon)

   It affects your strength (+4).
 P - a +1 helmet (worn)
 Q - the +2 robe of Vines {NoPotionHeal Regen+++}
   (You found it on level 4 of the Lair of Beasts)

   It increases your rate of health regeneration.
 X - the +5 scale mail of the Will of the Gods (worn) {rElec}
   (You found it on level 6 of the Lair of Beasts)

   It insulates you from electricity.
Jewellery
 a - a ring of magical power
 e - a ring of resist corrosion
 v - a +4 ring of evasion (left hand)
 E - an amulet of reflection (around neck)
 H - a +4 ring of protection (right hand)
 R - an amulet of regeneration
Wands
 g - a wand of iceblast (8)
 k - a wand of paralysis (7)
 y - a wand of charming (8)
 C - a wand of mindburst (18)
 D - a wand of acid (18)
Scrolls
 c - 2 scrolls of torment
 h - 5 scrolls of fog
 i - 2 scrolls of amnesia
 u - 4 scrolls of magic mapping
 w - 2 scrolls of fear
 x - 7 scrolls of vulnerability
 B - 5 scrolls of teleportation
 J - a scroll of holy word
 K - 9 scrolls of identify
 Y - a scroll of silence
Potions
 f - 2 potions of magic
 l - 2 potions of haste
 o - 6 potions of invisibility
 r - a potion of mutation
 s - a potion of cancellation
 t - a potion of resistance
 z - 10 potions of curing
 I - 4 potions of flight
 O - a potion of ambrosia
 V - 3 potions of might
 W - a potion of lignification
Miscellaneous
 A - a lightning rod (4/4)


   Skills:
 + Level 10.2(15.2) Fighting
 + Level 9.2(14.2) Short Blades
 + Level 9.2(14.2) Long Blades
 + Level 11.1(16.1) Axes
 + Level 9.2(14.2) Maces & Flails
 + Level 9.2(14.2) Polearms
 + Level 9.2(14.2) Staves
 + Level 9.2(14.2) Slings
 + Level 9.2(14.2) Bows
 + Level 9.2(14.2) Crossbows
 + Level 10.2(15.2) Throwing
 + Level 9.2(14.2) Armour
 + Level 11.1(16.1) Dodging
 + Level 9.2(14.2) Stealth
 + Level 9.2(14.2) Shields
 + Level 9.2(14.2) Unarmed Combat
 + Level 9.2 Spellcasting
 + Level 7.6 Conjurations
 + Level 7.6 Hexes
 + Level 7.6 Summonings
 + Level 7.6 Necromancy
 + Level 7.6 Translocations
 + Level 7.6 Transmutations
 + Level 7.6 Fire Magic
 + Level 7.6 Ice Magic
 + Level 7.6 Air Magic
 + Level 7.6 Earth Magic
 + Level 7.6 Poison Magic
 + Level 10.0 Invocations
 + Level 9.2 Evocations


You had 31 spell levels left.
You didn't know any spells.
Your spell library contained the following spells:

 Spells                   Type           Power      Damage    Failure   Level
 Animate Skeleton         Necr           34%        N/A       7%          1
 Apportation              Tloc           34%        N/A       7%          1
 Corona                   Hex            18%        N/A       7%          1
 Shock                    Conj/Air       68%        1d7       7%          1
 Summon Small Mammal      Summ           68%        N/A       7%          1
 Call Imp                 Summ           17%        N/A       10%         2
 Ensorcelled Hibernation  Hex/Ice        34%        N/A       10%         2
 Static Discharge         Conj/Air       17%        N/A       10%         2
 Call Canine Familiar     Summ           17%        N/A       21%         3
 Confusing Touch          Hex            17%        N/A       21%         3
 Dazzling Flash           Conj/Hex       34%        N/A       21%         3
 Gell's Gravitas          Tloc           8%         N/A       21%         3
 Summon Guardian Golem    Hex/Summ       17%        N/A       21%         3
 Swiftness                Air            17%        N/A       21%         3
 Tukima's Dance           Hex            17%        N/A       21%         3
 Airstrike                Air            8%         N/A       54%         4
 Petrify                  Tmut/Erth      17%        N/A       54%         4
 Summon Ice Beast         Ice/Summ       17%        N/A       54%         4
 Summon Lightning Spire   Summ/Air       17%        N/A       54%         4
 Lightning Bolt           Conj/Air       8%         1d21      88%         5
 Metabolic Englaciation   Hex/Ice        8%         N/A       88%         5
 Yara's Violent Unravell  Hex/Tmut       8%         3d5       88%         5


Dungeon Overview and Level Annotations

Branches:
Dungeon (12/15)            Temple (1/1) D:4            Lair (6/6) D:8
  Swamp (0/4) Lair:3       Spider (0/4) Lair:3        Slime (0/5) Lair:5
 Bailey (1/1)
    Orc: D:9-12

Altars:
Ashenzari
Cheibriados
Dithmenos
Elyvilon
Fedhas
Gozag
Hepliaklqana
Kikubaaqudgha
Makhleb
Nemelex Xobeh
Okawaru
Qazlal
Ru
Sif Muna
Trog
Uskayaw
Vehumet
Wu Jian
Xom
Yredelemnul
Zin
The Shining One

Shops:
D:7 [   D:9 !

Annotations:
D:8 2 transporters, Grum
D:10 2 transporters, 3 runed translucent doors, Sergey's ghost, novice DDFi


Innate Abilities, Weirdness & Mutations

You have very sharp teeth.
Your uncanny sense of smell can sniff out nearby items.
Your experience applies equally to all skills.


Message History

The orc warrior hits you but does no damage.
You block the orc's attack.
Things that are here:
a +0 halberd; a +0 chain mail; an orc corpse You hit the orc knight.
You burn the orc knight.
The orc knight is lightly wounded.
You block the orc knight's attack. You block the orc's attack.
The orc warrior barely misses you. You block the orc warrior's attack.
The orc hits you but does no damage.
The orc warrior hits you from afar with a +0 halberd!
* * * LOW HITPOINT WARNING * * *
You hit the orc knight. You burn the orc knight.
The orc knight is lightly wounded.
You block the orc's attack. The orc knight closely misses you.
You block the orc's attack.
You slash the orc knight! You burn the orc knight.
Your bite misses the orc knight.
The orc knight is moderately wounded.
You block the orc warrior's attack. x2; You block the orc's attack.
You block the orc warrior's attack.
You barely miss the orc knight. You bite the orc knight.
The orc knight is moderately wounded.
You block the orc warrior's attack. You block the orc's attack.
The orc knight hits you with a +0 glaive!
* * * LOW HITPOINT WARNING * * *
You block the orc's attack. The orc warrior barely misses you.
The orc completely misses you. You block the orc warrior's attack.
Unknown command.
You barely miss the orc knight.
The orc knight is moderately wounded.
You are no longer berserk.
You are exhausted.
You feel yourself slow down. You block the orc warrior's attack.
You block the orc's attack. You block the orc warrior's attack.
You block the orc knight's attack.
You feel better. You block the orc's attack.
The orc warrior hits you but does no damage.
You block the orc warrior's attack. You block the orc's attack.
The orc warrior hits you from afar with a +0 halberd!!
You die...

####### ######
##.....#########.....##
##.).....#.....#.......'
.#)).....'..)))ooo.....'
.))).....'.....).oo....'
.#)).....'...=)o@o.....'
##.......#.....#o......'
##.....#########.....##
####### ######


You could see an orc knight (strong), 4 orc warriors and 3 orcs.

Vanquished Creatures
  Rupert (D:12)
  A fire dragon (Lair:6)
  6 hydras
  A catoblepas (Lair:3)
  Erica (Lair:1)
  2 two-headed ogres
  3 death yaks (Lair:3)
  A lindwurm (Lair:6)
  An orc knight (Bailey)
  2 bog bodies (Lair:3)
  A deep elf pyromancer (D:12)
  4 ugly things (D:10)
  2 cyclopes (D:12)
  7 black mambas
  9 cane toads
  8 elephants
  2 molten gargoyles (Lair:6)
  A gargoyle (D:11)
  12 komodo dragons
  A rime drake (Lair:4)
  A jumping spider (Lair:3)
  2 polar bears (Lair:6)
  A hornet (D:8)
  11 blink frogs
  3 redbacks (Lair:3)
  Sigmund (D:6)
  6 basilisks
  42 yaks
  Eustachio (D:5)
  2 wyverns
  3 steam dragons (Lair:6)
  3 acid dragons
  19 water moccasins
  4 hell hounds (Lair:6)
  6 orc warriors
  2 ice beasts
  4 black bears
  An ogre (D:6)
  5 wolves (Lair:6)
  2 necrophages
  4 centaurs
  2 phantoms
  A kobold brigand (D:8)
  7 bullfrogs
  A water moccasin zombie (D:7)
  2 scorpions
  3 wights (D:9)
  An electric eel (Lair:1)
  3 howler monkeys
  5 lava snakes (Lair:6)
  5 centaur zombies
  13 jellies
  2 hounds
  2 bullfrog skeletons
  2 centaur skeletons
  4 orc priests
  Terence (D:3)
  An iguana (D:4)
  2 orc wizards
  11 gnolls
  A howler monkey skeleton (D:7)
  5 adders
  2 shadow imps
  An adder skeleton (D:4)
  3 worms
  3 dart slugs
  59 orcs
  8 endoplasms
  A giant cockroach (D:2)
  10 goblins
  9 hobgoblins
  3 jackals (D:4)
  14 kobolds
  5 quokkas
  5 ball pythons
  4 bats
  2 frilled lizards
  5 rats
397 creatures vanquished.

Vanquished Creatures (others)
  A kobold (D:8)
  32 fungi
  63 plants
96 creatures vanquished.

Grand Total: 493 creatures vanquished

Notes
Turn   | Place    | Note
-------+----------+-------------------------------------------
     0 | D:1      | Kinoniko the Gnoll Gladiator began the quest for the Orb.
     0 | D:1      | Reached XP level 1. HP: 20/20 MP: 1/1
   385 | D:1      | Reached XP level 2. HP: 25/26 MP: 2/2
   858 | D:1      | Found a faded altar of an unknown god.
  1190 | D:2      | Reached XP level 3. HP: 29/31 MP: 3/3
  1354 | D:2      | Reached skill level 1 in Invocations
  1920 | D:2      | Reached skill level 1 in Short Blades
  1920 | D:2      | Reached skill level 1 in Long Blades
  1920 | D:2      | Reached skill level 1 in Maces & Flails
  1920 | D:2      | Reached skill level 1 in Polearms
  1920 | D:2      | Reached skill level 1 in Staves
  1920 | D:2      | Reached skill level 1 in Slings
  1920 | D:2      | Reached skill level 1 in Bows
  1920 | D:2      | Reached skill level 1 in Crossbows
  1920 | D:2      | Reached skill level 1 in Armour
  1920 | D:2      | Reached skill level 1 in Stealth
  1920 | D:2      | Reached skill level 1 in Shields
  1920 | D:2      | Reached skill level 1 in Unarmed Combat
  1920 | D:2      | Reached skill level 1 in Spellcasting
  1920 | D:2      | Reached skill level 1 in Evocations
  2350 | D:3      | Reached XP level 4. HP: 38/38 MP: 5/5
  2750 | D:3      | Found a blossoming altar of Fedhas.
  2765 | D:3      | Reached skill level 1 in Conjurations
  2765 | D:3      | Reached skill level 1 in Hexes
  2765 | D:3      | Reached skill level 1 in Summonings
  2765 | D:3      | Reached skill level 1 in Necromancy
  2765 | D:3      | Reached skill level 1 in Translocations
  2765 | D:3      | Reached skill level 1 in Transmutations
  2765 | D:3      | Reached skill level 1 in Fire Magic
  2765 | D:3      | Reached skill level 1 in Ice Magic
  2765 | D:3      | Reached skill level 1 in Air Magic
  2765 | D:3      | Reached skill level 1 in Earth Magic
  2765 | D:3      | Reached skill level 1 in Poison Magic
  2888 | D:3      | Found a broken altar of Ashenzari.
  2890 | D:3      | Noticed Terence
  2892 | D:3      | Saw a vision of the Swamp and the Spider Nest.
  2892 | D:3      | Noticed a redback
  2892 | D:3      | Noticed a vampire mosquito
  2892 | D:3      | Noticed a vampire mosquito
  2892 | D:3      | Noticed a vampire mosquito
  2892 | D:3      | Noticed a vampire mosquito
  2892 | D:3      | Noticed a wolf spider
  2892 | D:3      | Noticed an alligator
  2892 | D:3      | Noticed a wolf spider
  2910 | D:3      | Killed Terence
  2911 | D:3      | Reached XP level 5. HP: 30/43 MP: 6/6
  2911 | D:3      | Noticed a swamp drake
  2912 | D:3      | Noticed a goliath frog
  3335 | D:4      | Reached XP level 6. HP: 50/50 MP: 8/8
  3407 | D:4      | Reached skill level 5 in Fighting
  3407 | D:4      | Reached skill level 5 in Throwing
  3416 | D:4      | Found a staircase to the Ecumenical Temple.
  3426 | Temple   | Entered the Ecumenical Temple
  3521 | Temple   | Became a worshipper of Warmaster Okawaru
  3687 | D:4      | Noticed a black bear
  3705 | D:4      | Killed a black bear
  3706 | D:4      | Reached XP level 7. HP: 38/56 MP: 10/10
  4114 | D:4      | Found a sacrificial altar of Ru.
  4497 | D:4      | Reached * piety under Okawaru
  4749 | D:5      | Entered Level 5 of the Dungeon
  5022 | D:5      | Reached XP level 8. HP: 37/63 MP: 12/12
  5183 | D:5      | Identified the +2 robe of Jielope {Dex+9}
  5319 | D:5      | Noticed Eustachio
  5358 | D:5      | Killed Eustachio
  5941 | D:6      | Reached ** piety under Okawaru
  6390 | D:6      | Found a stormy altar of Qazlal.
  6503 | D:6      | Reached XP level 9. HP: 69/69 MP: 14/14
  6634 | D:6      | Noticed Sigmund
  6645 | D:6      | Killed Sigmund
  6645 | D:6      | Reached *** piety under Okawaru
  7313 | D:7      | Found Giusy's Antique Armour Emporium.
  7330 | D:7      | Bought a faintly humming scale mail for 207 gold pieces
  7330 | D:7      | Identified the +1 scale mail "Xijac" {Str+4} (You bought it
                  | in a shop on level 7 of the Dungeon)
  7439 | D:7      | Found a shadowy altar of Dithmenos.
  7952 | D:8      | Received a gift from Okawaru
  8153 | D:8      | Noticed a hornet
  8166 | D:8      | Killed a hornet
  8339 | D:8      | Found a staircase to the Lair.
  8483 | D:8      | Identified the +1 spear "Doasepot" {pain, Int+3 Stlth+}
  8483 | D:8      | Identified the +3 ring mail of Nier {rElec Regen+ Dex+2}
  8581 | D:8      | Found a transporter.
  8581 | D:8      | Noticed Grum
  8715 | D:8      | Identified the ring "Qelab" {Wiz rCorr Dex+2}
  8755 | D:8      | Found a transporter.
  8987 | D:8      | Found a glowing silver altar of Zin.
  9005 | D:9      | Found Adole's Distillery.
  9129 | D:9      | Reached skill level 5 in Invocations
  9231 | D:9      | Found a white marble altar of Elyvilon.
  9368 | D:9      | Found a shimmering altar of Xom.
  9548 | D:9      | Found a radiant altar of Vehumet.
  9637 | D:9      | Found a hazy altar of Hepliaklqana.
 10060 | Lair:1   | Entered Level 1 of the Lair of Beasts
 10290 | Lair:1   | Noticed a cane toad
 10307 | Lair:1   | Killed a cane toad
 10308 | Lair:1   | Reached XP level 10. HP: 64/77 MP: 17/17
 10405 | D:8      | Reached skill level 5 in Short Blades
 10405 | D:8      | Reached skill level 5 in Long Blades
 10405 | D:8      | Reached skill level 5 in Maces & Flails
 10405 | D:8      | Reached skill level 5 in Polearms
 10405 | D:8      | Reached skill level 5 in Staves
 10405 | D:8      | Reached skill level 5 in Slings
 10405 | D:8      | Reached skill level 5 in Bows
 10405 | D:8      | Reached skill level 5 in Crossbows
 10405 | D:8      | Reached skill level 5 in Armour
 10405 | D:8      | Reached skill level 5 in Stealth
 10405 | D:8      | Reached skill level 5 in Shields
 10405 | D:8      | Reached skill level 5 in Unarmed Combat
 10405 | D:8      | Reached skill level 5 in Spellcasting
 10405 | D:8      | Reached skill level 5 in Evocations
 10496 | Lair:1   | Reached **** piety under Okawaru
 10576 | Lair:1   | Noticed Erica
 10599 | Lair:1   | Killed Erica
 10944 | Lair:1   | Noticed a cane toad
 10982 | Lair:1   | Killed a cane toad
 10982 | Lair:1   | Received a gift from Okawaru
 11249 | Lair:1   | Received a gift from Okawaru
 11573 | Lair:1   | Reached XP level 11. HP: 59/84 MP: 19/19
 11764 | Lair:2   | Found a frozen archway.
 11994 | Lair:2   | Reached skill level 5 in Conjurations
 11994 | Lair:2   | Reached skill level 5 in Hexes
 11994 | Lair:2   | Reached skill level 5 in Summonings
 11994 | Lair:2   | Reached skill level 5 in Necromancy
 11994 | Lair:2   | Reached skill level 5 in Translocations
 11994 | Lair:2   | Reached skill level 5 in Transmutations
 11994 | Lair:2   | Reached skill level 5 in Fire Magic
 11994 | Lair:2   | Reached skill level 5 in Ice Magic
 11994 | Lair:2   | Reached skill level 5 in Air Magic
 11994 | Lair:2   | Reached skill level 5 in Earth Magic
 11994 | Lair:2   | Reached skill level 5 in Poison Magic
 12362 | Lair:2   | Reached ***** piety under Okawaru
 13283 | Lair:3   | Found a staircase to the Swamp.
 13284 | Lair:3   | Noticed a bog body
 13303 | Lair:3   | Killed a bog body
 13557 | Lair:3   | Received a gift from Okawaru
 13604 | Lair:3   | Noticed a death yak
 13634 | Lair:3   | Killed a death yak
 13637 | Lair:3   | Noticed a death yak
 13643 | Lair:3   | Noticed a death yak
 13656 | Lair:3   | Killed a death yak
 13667 | Lair:3   | Identified the +8 great mace of Grace {flame, *Slow rCorr
                  | Str+4 Dex+2} (Okawaru gifted it to you on level 3 of the
                  | Lair of Beasts)
 13667 | Lair:3   | Received a gift from Okawaru
 13686 | Lair:3   | Reached XP level 12. HP: 57/94 MP: 19/22
 13703 | Lair:3   | Killed a death yak
 14430 | Lair:3   | Noticed a seven-headed hydra
 14432 | Lair:3   | Noticed a four-headed hydra
 14439 | Lair:3   | Killed a three-headed hydra
 14444 | Lair:3   | Killed a one-headed hydra
 14444 | Lair:3   | Received a gift from Okawaru
 14830 | Lair:3   | Found a hole to the Spider Nest.
 15460 | Lair:4   | Received a gift from Okawaru
 15483 | Lair:4   | Reached skill level 10 in Axes
 15483 | Lair:4   | Reached skill level 10 in Dodging
 15681 | Lair:4   | Received a gift from Okawaru
 15916 | Lair:4   | Found the +2 robe of Vines {NoPotionHeal Regen+++}
 16405 | Lair:4   | Received a gift from Okawaru
 16950 | Lair:3   | Noticed an eight-headed hydra
 16950 | Lair:3   | Noticed a catoblepas
 16969 | Lair:4   | Killed a three-headed hydra
 16969 | Lair:4   | Received a gift from Okawaru
 16970 | Lair:4   | Reached XP level 13. HP: 57/101 MP: 22/24
 17173 | Lair:3   | Identified the +8 hunting sling of the Twisting Jester
                  | {freeze, rC++ Int-2 Dex+7}
 17869 | Lair:5   | Found a staircase to the Slime Pits.
 18899 | Lair:6   | Entered Level 6 of the Lair of Beasts
 19497 | Lair:6   | Identified the +5 scale mail of the Will of the Gods
                  | {rElec}
 19714 | Lair:6   | Received a gift from Okawaru
 20342 | Lair:6   | Received a gift from Okawaru
 20920 | Lair:6   | Noticed a fire dragon
 20921 | Lair:6   | Found a large runed translucent door.
 20922 | Lair:6   | Found a large runed translucent door.
 21621 | Lair:6   | Killed a fire dragon
 22071 | D:10     | Entered Level 10 of the Dungeon
 22491 | D:10     | Found a transporter.
 22556 | D:10     | Found a runed translucent gate.
 22558 | D:10     | Found a runed translucent gate.
 22558 | D:10     | Found a runed translucent gate.
 22660 | D:10     | Found a transporter.
 22891 | D:10     | Reached XP level 14. HP: 109/109 MP: 26/26
 22908 | D:10     | Reached skill level 10 in Fighting
 22908 | D:10     | Reached skill level 10 in Throwing
 23034 | D:10     | Found a runed translucent gate.
 23034 | D:10     | Found a runed translucent gate.
 23038 | D:10     | Found a runed translucent gate.
 23046 | D:10     | Noticed Sergey's ghost (novice DDFi)
 24097 | D:12     | Noticed Rupert
 24122 | D:12     | Killed Rupert
 24122 | D:12     | Received a gift from Okawaru
 24479 | D:12     | Found a flagged portal.
 24487 | D:12     | Identified the +8 spear of the Nine Beds {drain, Fly Dex+4}
 24497 | Bailey   | Entered a bailey
 24674 | Bailey   | Reached skill level 10 in Invocations
 24678 | Bailey   | HP: 2/165 [orc knight/+0 glaive (14)]
 24680 | Bailey   | Mangled by an orc warrior

Illustrated notes

Levels and vault maps discovered:
D:1:      dpeg_arrival_short_road, layout_loops_ring,
          shapermc_ecumenical_altar_hornbeckon
D:2:      layout_loops_corners, minmay_fractal_squares_5
D:3:      layout_loops_ring, grunt_ashenzari_visionary
          [grunt_ashenzari_visionary_swamp, grunt_ashenzari_visionary_spider],
          old_standard_altar, uniq_terence
D:4:      corexii_shantytown, layout_rooms, nicolae_ru_the_path_less_chosen,
          minmay_temple_entry_sparse_star, minmay_misc_feat_tiny
D:5:      layout_basic, uniq_eustachio
D:6:      layout_loops_ring, lemuel_round_altar, minmay_misc_feat_pillars,
          minmay_misc_feat_rows, chequers_jeans, uniq_sigmund
D:7:      layout_loops_ring, nicolae_dithmenos_the_darkroom, serial_shops,
          nicolae_shop_temple_entry_statues_fountains, st_stairs_8
D:8:      layout_loops_corners, kennysheep_mini_moat, lair_entry_dummy,
          gammafunk_ghost_gnarly_gnolls
D:9:      layout_basic, nicolae_hepliaklqana_hippocampus,
          nicolae_vehumet_altar_sigil, elyvilon_altar_1, lemuel_crystal_altar,
          serial_shops, shop_statue, roderic_lattice_a, item_on_display_a
D:10:     gammafunk_cloud_chamber, layout_loops_ring,
          ploomutoo_gammafunk_ghost_potion_laboratory
D:11:     layout_gridville
D:12:     layout_basic, orc_0_dummy, enter_bailey_2, uniq_urug, uniq_rupert
Temple:   minmay_temple_bridge_abc
Lair:1:   layout_hall_layers, infiniplex_staircase_pool, uniq_erica
Lair:2:   layout_loops_ring, portal_ice_cave_entry_pillars_1, minivault_23
Lair:3:   layout_regular_city, skrybe_swamp_entry_bodies,
          spider_nest_entry_funnel_web, kennysheep_catoblepas_arena,
          lemuel_fruit_fields
Lair:4:   layout_hall_layers, serial_bayou_lagoon_a,
          chequers_serial_rivers_marsh, grunt_megastairs_2
Lair:5:   layout_cave_pods, minmay_slime_entry_jelly_boxes, st_stairs_8,
          minivault_27, fungi_pond_lemuel, minivault_11,
          grunt_forest_small_clearing_treed
Lair:6:   cheibrodos_lair_end_hotspot, layout_gridlike, patterned_corridor
Bailey:   bailey_polearm_5, bailey

Skill      XL: |  1  2  3  4  5  6  7  8  9 10 11 12 13 14 |
---------------+-------------------------------------------+-----
Invocations    | 1 2 3 4 5 6 7 8 9 10 | 10.0
Short Blades   | 1 2 3 4 5 6 7 8 9 |  9.2
Long Blades    | 1 2 3 4 5 6 7 8 9 |  9.2
Maces & Flails | 1 2 3 4 5 6 7 8 9 |  9.2
Polearms       | 1 2 3 4 5 6 7 8 9 |  9.2
Staves         | 1 2 3 4 5 6 7 8 9 |  9.2
Slings         | 1 2 3 4 5 6 7 8 9 |  9.2
Bows           | 1 2 3 4 5 6 7 8 9 |  9.2
Crossbows      | 1 2 3 4 5 6 7 8 9 |  9.2
Armour         | 1 2 3 4 5 6 7 8 9 |  9.2
Stealth        | 1 2 3 4 5 6 7 8 9 |  9.2
Shields        | 1 2 3 4 5 6 7 8 9 |  9.2
Unarmed Combat | 1 2 3 4 5 6 7 8 9 |  9.2
Spellcasting   | 1 2 3 4 5 6 7 8 9 |  9.2
Evocations     | 1 2 3 4 5 6 7 8 9 |  9.2
Conjurations   | 1 2 3 4 5 6 7 |  7.6
Hexes          | 1 2 3 4 5 6 7 |  7.6
Summonings     | 1 2 3 4 5 6 7 |  7.6
Necromancy     | 1 2 3 4 5 6 7 |  7.6
Translocations | 1 2 3 4 5 6 7 |  7.6
Transmutations | 1 2 3 4 5 6 7 |  7.6
Fire Magic     | 1 2 3 4 5 6 7 |  7.6
Ice Magic      | 1 2 3 4 5 6 7 |  7.6
Air Magic      | 1 2 3 4 5 6 7 |  7.6
Earth Magic    | 1 2 3 4 5 6 7 |  7.6
Poison Magic   | 1 2 3 4 5 6 7 |  7.6
Fighting       | 5 6 7 8 9 10 | 10.2
Throwing       | 5 6 7 8 9 10 | 10.2
Axes           | 7 8 9 10 11 | 11.1
Dodging        | 7 8 9 10 11 | 11.1

Action                   |  1- 3 |  4- 6 |  7- 9 | 10-12 | 13-15 || total
-------------------------+-------+-------+-------+-------+-------++-------
Melee: War axe           |   102 |    81 |       |       |       ||   183
       Bite              |     8 |    17 |    53 |    88 |   117 ||   283
       Flail             |       |    71 |   443 |    60 |       ||   574
       Punch             |       |     1 |     4 |       |       ||     5
       Scimitar          |       |       |       |   559 |   736 ||  1295
 Fire: Hunting sling     |       |       |       |       |     5 ||     5
Invok: Heroism           |       |       |     3 |     8 |    14 ||    25
       Finesse           |       |       |       |     2 |     6 ||     8
  Use: Scroll            |       |     5 |    13 |     8 |     4 ||    30
       Potion            |       |     1 |     8 |     3 |     8 ||    20
 Stab: Sleeping          |     3 |       |     5 |     1 |     3 ||    12
       Distracted        |       |       |       |       |     1 ||     1
Armor: Leather armour    |    18 |       |       |       |       ||    18
       Ring mail         |    16 |    85 |   173 |       |       ||   274
       Scale mail        |       |       |    62 |   148 |   206 ||   416
Dodge: Dodged            |    63 |   143 |   324 |   216 |   321 ||  1067
Block: Buckler           |       |       |    21 |       |       ||    21
       Tower shield      |       |       |   127 |   753 |   993 ||  1873
       Reflection        |       |       |     9 |     2 |    16 ||    27
       Rpst.: Scimitar   |       |       |       |    51 |    73 ||   124

Table legend: (Time is in decaauts)
 A = Elapsed time spent in this place.
 B = Non-inter-level travel time spent in this place.
 C = Inter-level travel time spent in this place.
 D = Time resting spent in this place.
 E = Time spent auto-exploring this place.
 F = Levels seen in this place.
 G = Mean time per level.
                   A        B        C        D        E       F      G
               +--------+--------+--------+--------+--------+-----+--------+
         Total |  25189 |  24068 |   1121 |   5470 |  14202 |  20 | 1259.4 |
       Dungeon |  12754 |  12267 |    487 |   1806 |   8444 |  12 | 1062.8 |
        Temple |    124 |    124 |      0 |      0 |     74 |   1 |  124.0 |
          Lair |  12155 |  11521 |    634 |   3650 |   5681 |   6 | 2025.8 |
        Bailey |    155 |    155 |      0 |     14 |      2 |   1 |  155.0 |
               +--------+--------+--------+--------+--------+-----+--------+

Top non-repeatable levels by time:
  Lair:6: 3038 daAuts
  Lair:3: 2513 daAuts
  Lair:4: 1959 daAuts
  Lair:1: 1673 daAuts
  Lair:2: 1606 daAuts
     D:4: 1520 daAuts
     D:2: 1398 daAuts
  Lair:5: 1363 daAuts
     D:8: 1265 daAuts
     D:6: 1220 daAuts
     D:5: 1156 daAuts
     D:9: 1103 daAuts
    D:11: 1045 daAuts
    D:10: 1010 daAuts
     D:1: 968 daAuts
